AoeStats
← CORP | Diego_Corsant

Arabia

510182413Analyzed
1v1 RM · 2d ago on Sep 29, 2026· 31m 18s· 2 players
Game mode
Random Map
Map size
Tiny (2 player)
Population
200
Speed
Normal
Resources
Standard
Victory
Conquest
Starting age
Dark Age
Ending age
Imperial Age
RankedLock teamsTeams togetherTeam positionsShared explorationLock speedFull tech treeHidden civsTurbo modeCheats
Victory
Defeat
🇺🇸 Hindustanis · United States
1665
+16
🇲🇽 Varangians · Mexico
1673
-16
CORP | Diego_Corsant
5:58 Loom
8:10 Feudal Age
8:40 Double-Bit Axe
20:34 Castle Age
20:43 Castle Age
19:40 Scale Barding Armor
20:44 Bloodlines
23:25 Forging
23:55 Husbandry
26:49 Horse Collar
28:49 Wheelbarrow
30:44 Bow Saw
30:16 Light Cavalry
florida
7:31 Loom
7:57 Loom
10:35 Feudal Age
14:49 Castle Age
18:02 Double-Bit Axe
24:16 Bloodlines
24:09 Husbandry
26:19 Forging
27:40 Iron Casting
30:53 Bow Saw
Connection lost

Rejoining the realm…

Still unreachable

The connection could not be restored.

Session expired

The server has moved on; the page needs a fresh start.